 Dungeon Crawl Stone Soup version 0.29.1-15-g9cfb28693d (webtiles) character file.

Game seed: 11796629696470190286

899 DemonSlayer the Magician (level 7, 0/47 HPs)
             Began as a Demonspawn Earth Elementalist on Feb 22, 2023.
             Was an Initiate of Cheibriados.
             Slain by a black bear (2 damage)
             ... on level 4 of the Dungeon.
             The game lasted 00:12:21 (6901 turns).

DemonSlayer the Magician (DsEE)                     Turns: 6901, Time: 00:12:22

Health: 0/47       AC:  2    Str: 11    XL:     7   Next: 79%
Magic:  9/15       EV: 16    Int: 18    God:    Cheibriados [......]
Gold:   209        SH:  0    Dex: 14    Spells: 7/17 levels left

rFire   . . .      SeeInvis .   f - +4 dagger
rCold   . . .      Faith    .   (no shield)
rNeg    . . .      Spirit   .   a - +0 robe
rPois   +          Reflect  .   (no helmet)
rElec   .          Harm     .   (no cloak)
rCorr   .          Rampage  .   (no gloves)
Will    .....                   (no boots)
Stlth   ++........              (no amulet)
HPRegen 0.15/turn               g - +4 ring of evasion
MPRegen 0.14/turn               d - ring of poison resistance

@: very slow
A: powered by pain 1, demonic touch 2
a: Renounce Religion


You were on level 4 of the Dungeon.
You worshipped Cheibriados.
Cheibriados was noncommittal.
You visited 1 branch of the dungeon, and saw 5 of its levels.
You also visited: Sewer.

You collected 209 gold pieces.

Inventory:

Hand Weapons
 f - a +4 dagger (weapon)
Armour
 a - a +0 robe (worn)
 e - a +1 ring mail of fire resistance
Jewellery
 d - a ring of poison resistance (right hand)
 g - a +4 ring of evasion (left hand)
Wands
 q - a wand of flame (12)
 v - a wand of mindburst (21)
Scrolls
 c - a scroll of summoning
 i - a scroll of amnesia
 j - a scroll of blinking
 k - 3 scrolls of teleportation {unknown}
 m - 2 scrolls of enchant armour {unknown}
 n - 2 scrolls of butterflies {unknown}
 r - a scroll of brand weapon {unknown}
 u - a scroll of immolation {unknown}
 w - a scroll of identify
Potions
 b - a potion of magic
 h - 2 potions of brilliance
 l - a potion of attraction
 o - 3 potions of curing
 p - 2 potions of haste
 s - a potion of cancellation
 t - a potion of heal wounds


   Skills:
 + Level 0.9 Fighting
 + Level 0.4 Short Blades
 + Level 2.6 Dodging
 + Level 2.2 Stealth
 + Level 5.8 Spellcasting
 + Level 0.8 Transmutations
 + Level 5.8 Earth Magic


You had 7 spell levels left.
You knew the following spells:

 Your Spells              Type           Power      Damage    Failure   Level
a - Sandblast             Erth           52%        2d12      1%          1
b - Stone Arrow           Conj/Erth      30%        3d8       11%         3
c - Petrify               Tmut/Erth      17%        N/A       30%         4
d - Passwall              Tmut/Erth      14%        N/A       4%          2

Your spell library contained the following spells:

 Spells                   Type           Power      Damage    Failure   Level
 Frozen Ramparts          Ice            10%        1d2       36%         3
 Inner Flame              Hex/Fire       5%         N/A       36%         3
 Ice Form                 Ice/Tmut       6%         N/A       71%         4
 Cause Fear               Hex            2%         N/A       77%         4
 Summon Ice Beast         Ice/Summ       5%         N/A       77%         4
 Discord                  Hex            2%         N/A       100%        8


Dungeon Overview and Level Annotations

Branches:
Dungeon (5/15)              Sewer (visited)
 Temple: D:4-7

Altars:
Cheibriados
Makhleb
Trog
Uskayaw

Annotations:
D:3 1 runed translucent door, barney's ghost, amateur DrTm


Innate Abilities, Weirdness & Mutations

You sometimes gain a little power by taking damage.
Your touch may inflict irresistible damage on your foes.


Message History

The blast of sand hits the black bear!
The black bear is severely wounded.
The black bear barely misses you. The black bear claws you.
The black bear barely misses you.
The blast of sand misses the black bear.
The black bear bites you but does no damage.
The black bear claws you. x2; The black bear bites you.
The black bear misses you. The black bear claws you.
The blast of sand hits the black bear!
The black bear is almost dead.
The black bear goes berserk!
The blast of sand misses the black bear.
The black bear bites you. The black bear misses you. x2
The black bear completely misses you. The black bear claws you. x2
You are too injured to fight recklessly!
You are too injured to fight recklessly!
You are too injured to fight recklessly!
You are too injured to fight recklessly!
Casting: Sandblast (safe; 1% risk of failure)
Confirm with . or Enter, or press ? or * to list all spells.
Aiming: Sandblast (safe; 1% risk of failure)
Press: ? - help, Shift-Dir - straight line, f/p - black bear
Aim: a black bear (almost dead, berserk, 87% to hit)
The blast of sand misses the black bear.
The black bear closely misses you. The black bear misses you. x3
The black bear barely misses you. The black bear claws you.
The black bear barely misses you. The black bear claws you.
* * * LOW HITPOINT WARNING * * *
The black bear closely misses you.
Casting: Sandblast (safe; 1% risk of failure)
Confirm with . or Enter, or press ? or * to list all spells.
Aiming: Sandblast (safe; 1% risk of failure)
Press: ? - help, Shift-Dir - straight line, f/p - black bear
Aim: a black bear (almost dead, berserk, 87% to hit)
The blast of sand hits the black bear but does no damage.
The black bear is almost dead.
The black bear bites you!
* * * LOW HITPOINT WARNING * * *
The black bear barely misses you. The black bear claws you.
You die...

#### # ..... ## .....#
## ####. ......##### #.
#.... ......h...# #.#
##.### ###@..#..
#..##..#
#.....#...#.....##
##.#####...#.#....###
##..# #.....#.##....
#..#########.....####.
##.....................
#...##########....####.
#.#.# ####.....#...##.
#.#.####....##.####.##.


You could see a black bear (berserk).

Vanquished Creatures
  An ice beast (D:5)
  A phantom (D:5)
  4 scorpions
  2 bullfrogs (Sewer)
  A jelly (D:5)
  3 iguanas
  8 gnolls
  5 adders
  A shadow imp (D:5)
  A white imp (D:5)
  An ufetubus (D:5)
  A worm (D:3)
  5 dart slugs
  5 orcs
  6 endoplasms
  7 giant cockroaches
  7 goblins
  4 hobgoblins
  4 jackals
  12 quokkas
  8 ball pythons
  10 bats
  10 frilled lizards
  11 kobolds
  7 rats
125 creatures vanquished.

Vanquished Creatures (others)
  4 fungi (D:1)
  4 plants (D:1)
8 creatures vanquished.

Grand Total: 133 creatures vanquished

Notes
Turn   | Place    | Note
-------+----------+-------------------------------------------
     0 | D:1      | DemonSlayer the Demonspawn Earth Elementalist began the
                  | quest for the Orb.
     0 | D:1      | Reached XP level 1. HP: 13/13 MP: 3/3
   204 | D:1      | Gained mutation: Your touch may inflict minor irresistible
                  | damage on your foes. [demonic ancestry]
   204 | D:1      | Reached XP level 2. HP: 9/19 MP: 0/5
   649 | D:1      | Reached XP level 3. HP: 24/24 MP: 3/6
   967 | D:1      | Found a faded altar of an unknown god.
  1135 | D:1      | Learned a level 3 spell: Stone Arrow
  1431 | D:2      | Reached XP level 4. HP: 23/30 MP: 5/8
  2096 | D:3      | Found a glowing drain.
  2106 | Sewer    | Entered a sewer
  2595 | Sewer    | Noticed a bullfrog
  2600 | Sewer    | Killed a bullfrog
  2601 | Sewer    | Reached XP level 5. HP: 35/35 MP: 4/10
  2736 | Sewer    | Learned a level 4 spell: Petrify
  2740 | Sewer    | Learned a level 2 spell: Passwall
  2971 | D:3      | Found a runed translucent door.
  2983 | D:3      | Gained mutation: Your touch may inflict irresistible damage
                  | on your foes. [demonic ancestry]
  2983 | D:3      | Reached XP level 6. HP: 41/41 MP: 7/12
  3342 | D:3      | Noticed barney's ghost (amateur DrTm)
  4086 | D:5      | Entered Level 5 of the Dungeon
  4347 | D:5      | Reached skill level 5 in Earth Magic
  4928 | D:5      | Reached skill level 5 in Spellcasting
  4928 | D:5      | Gained mutation: You sometimes gain a little power by
                  | taking damage. [demonic ancestry]
  4928 | D:5      | Reached XP level 7. HP: 33/47 MP: 7/14
  5029 | D:5      | Found a hide-covered altar of Uskayaw.
  5036 | D:5      | Found a bloodstained altar of Trog.
  5039 | D:5      | Found a burning altar of Makhleb.
  5039 | D:5      | Found a snail-covered altar of Cheibriados.
  5048 | D:5      | Became a worshipper of Cheibriados the Contemplative
  5919 | D:5      | Noticed a steam dragon
  6901 | D:4      | HP: 2/47 [black bear (8)]
  6901 | D:4      | Slain by a black bear

Illustrated notes

Levels and vault maps discovered:
D:1:      minmay_arrival_four_loops, layout_loops_ring,
          shapermc_ecumenical_altar_mp_urbaneastern
D:2:      layout_basic, minmay_pentomino_p4
D:3:      layout_basic, cheibrodos_sewer_entry_sluice, ebering_ghost_sewer_d
D:4:      layout_rooms
D:5:      layout_loops_ring, nicolae_overflow_hallway_of_the_gods, hex_tiny

Skill      XL: |  1  2  3  4  5  6 |
---------------+-------------------+-----
Earth Magic    | 3 4 5 |  5.8
Dodging        | 2 |  2.6
Spellcasting   | 3 4 5 |  5.8
Stealth        | 2 |  2.2
Fighting       | |  0.9
Short Blades   | |  0.4
Transmutations | |  0.8

Action                   |  1- 3 |  4- 6 |  7- 9 || total
-------------------------+-------+-------+-------++-------
Melee: Dagger            |    21 |    11 |     3 ||    35
       Unarmed           |     3 |       |       ||     3
       Touch             |     3 |       |     1 ||     4
 Cast: Sandblast         |    52 |   132 |    50 ||   234
  Use: Scroll            |     3 |     5 |     2 ||    10
       Potion            |       |     2 |       ||     2
 Stab: Sleeping          |     1 |       |       ||     1
Armor: Robe              |     6 |    17 |     2 ||    25
Dodge: Dodged            |    48 |    70 |    56 ||   174
